 Dungeon Crawl Stone Soup version 0.29.0-4-gdea44cf6ec (webtiles) character file.

Game seed: 4103672871229737730

20 qw the Vexing (level 2, -1/27 HPs)
             Began as an Ogre Enchanter on Sept 3, 2022.
             Slain by Natasha (4 damage)
             ... on level 2 of the Dungeon.
             The game lasted 00:00:41 (1069 turns).

qw the Vexing (Ogre Enchanter)                      Turns: 1069, Time: 00:00:42

Health: -1/27      AC:  3    Str: 11    XL:     2   Next: 79%
Magic:  5/5        EV:  9    Int: 16    God:
Gold:   16         SH:  0    Dex:  9    Spells: 5/5 levels left

rFire   . . .      SeeInvis .   e - +0 falchion
rCold   . . .      Faith    .   (no shield)
rNeg    . . .      Spirit   .   b - +0 robe
rPois   .          Reflect  .   (helmet restricted)
rElec   .          Harm     .   (no cloak)
rCorr   .          Rampage  .   (gloves unavailable)
Will    .....                   (boots unavailable)
Stlth   ++........              (no amulet)
HPRegen 0.09/turn               (no ring)
MPRegen 0.09/turn               (no ring)

@: slowed, very slow
A: large, unfitting armour, tough skin 1
a: no special abilities


You were on level 2 of the Dungeon.
You visited 1 branch of the dungeon, and saw 2 of its levels.

You collected 36 gold pieces.
You spent 20 gold pieces at shops.


Innate Abilities, Weirdness & Mutations

You are too large for most types of armour.
You have tough skin. (AC +1)


   Skills:
 + Level 1.2 Fighting
 - Level 0.8 Short Blades
 - Level 2.0 Axes
 - Level 1.7 Dodging
 - Level 2.1 Stealth
 - Level 2.4 Spellcasting
 - Level 2.6 Hexes


You had 5 spell levels left.
You didn't know any spells.
Your spell library contained the following spells:

 Spells                   Type           Power      Damage    Failure   Level
 Ensorcelled Hibernation  Hex/Ice        12%        N/A       17%         2
 Confusing Touch          Hex            10%        N/A       21%         3
 Tukima's Dance           Hex            10%        N/A       21%         3
 Dazzling Flash           Conj/Hex       12%        N/A       34%         3

Inventory:

Hand Weapons
 d - a +0 spear
 e - a +0 falchion (weapon)
Armour
 b - a +0 robe (worn)
Scrolls
 c - a scroll of identify
Potions
 a - a potion of brilliance {unknown}
 f - a potion of curing
 g - a potion of haste {unknown}
 h - a potion of mutation {unknown}

Dungeon Overview and Level Annotations

Branches:
Dungeon (2/15)

Altars:

Shops:
D:2 *

Annotations:
D:2 Natasha


Message History

1058 ||| Stepping ~*~*~tactically~*~*~ (hiding).
You start waiting.
Natasha is nearby!
Natasha barely misses you.
You see here a +0 dagger.
You hit Natasha but do no damage. Natasha closely misses you. x2
You hit Natasha.
Natasha is moderately wounded.
Natasha claws you but does no damage.
Natasha mumbles some strange words.
You feel disoriented. Natasha closely misses you.
You hit Natasha.
Natasha is heavily wounded.
Natasha barely misses you.
Natasha mewls in sadness.
Natasha casts a spell at you. The magic dart hits you.
You hit Natasha but do no damage.
Natasha is heavily wounded.
Natasha barely misses you.
Natasha drinks a potion.
Natasha is healed!
You hit Natasha but do no damage.
Natasha is moderately wounded.
Natasha claws you.
You closely miss Natasha.
Natasha is moderately wounded.
Natasha barely misses you. Natasha claws you!
You hit Natasha.
Natasha is moderately wounded.
Natasha casts a spell at you.
You feel as though you will be slow longer.
Natasha claws you.
You hit Natasha but do no damage.
Natasha is moderately wounded.
Natasha barely misses you. Natasha claws you.
You closely miss Natasha.
Natasha is moderately wounded.
Natasha claws you.
You die...

(...###.......#
#.......#...###
##..#.....###
............########
###.................
....#..#.....###
#.....#####...###
..#... ##>...# ##..
##.#@# .. #.#h..>..#
.## #....###..$ ..
####.# .. ... <## ##


You could see Natasha.

Vanquished Creatures
  3 bats (D:1)
  An endoplasm (D:2)
  2 goblins
  A hobgoblin (D:2)
  A quokka (D:1)
  3 ball pythons (D:1)
  A frilled lizard (D:2)
  2 kobolds (D:1)
  5 rats
19 creatures vanquished.

Notes
Turn   | Place    | Note
-------+----------+-------------------------------------------
     0 | D:1      | qw the Ogre Enchanter began the quest for the Orb.
     0 | D:1      | Reached XP level 1. HP: 16/16 MP: 3/3
     0 | D:1      | 0 ||| qw: Version: 0.1-a-102-g441f92d
     0 | D:1      | 0 ||| qw: Game counter: 5205
     0 | D:1      | 0 ||| qw: Always use a shield: true
     0 | D:1      | 0 ||| qw: God list: Okawaru
     0 | D:1      | 0 ||| qw: Allow faded altars: false
     0 | D:1      | 0 ||| qw: Do Orc after D:15 true
     0 | D:1      | 0 ||| qw: Do second Lair branch before Depths: true
     0 | D:1      | 0 ||| qw: Lair rune preference: random
     0 | D:1      | 0 ||| qw: Plans: Normal
     0 | D:1      | 0 ||| PLANNING D:1-11
    41 | D:1      | 41 ||| SWAPPING to +0 spear.
    42 | D:1      | 42 ||| DROPPING +1 dagger.
   186 | D:1      | Reached skill level 1 in Axes
   425 | D:1      | Reached skill level 1 in Fighting
   487 | D:1      | Reached XP level 2. HP: 22/27 MP: 5/5
   700 | D:1      | 700 ||| SWAPPING to +0 falchion.
   899 | D:1      | 899 ||| DROPPING 2 potions of invisibility.
   916 | D:2      | Found Lolabb's General Store.
   920 | D:2      | 920 ||| SHOPLISTING +0 kite shield (45 gold, have 36).
   920 | D:2      | 920 ||| SHOPLISTING +2 robe of the Pit {SInv} (219 gold,
                  | have 36).
   920 | D:2      | 920 ||| SHOPLISTING ring of resist corrosion (200 gold,
                  | have 36).
   920 | D:2      | 920 ||| BUYING scroll of identify (20 gold).
   920 | D:2      | Bought a scroll of identify for 20 gold pieces
  1045 | D:2      | Noticed Natasha
  1046 | D:2      | 1046 ||| Stepping ~*~*~tactically~*~*~ (hiding).
  1058 | D:2      | 1058 ||| Stepping ~*~*~tactically~*~*~ (hiding).
  1067 | D:2      | HP: 3/27 [Natasha (4)]
  1069 | D:2      | Slain by Natasha

Levels and vault maps discovered:
D:1:      dpeg_arrival_round_b, layout_loops_cross
D:2:      layout_rooms, serial_shops, nicolae_shop_trees, uniq_natasha

Skill      XL: |  1  2 |
---------------+-------+-----
Axes           | 1 2 |  2.0
Fighting       | 1 |  1.2
Short Blades   | |  0.8
Dodging        | |  1.7
Stealth        | |  2.1
Spellcasting   | |  2.4
Hexes          | |  2.6

Action                   || total
-------------------------++-------
Melee: Spear             ||    47
       Falchion          ||    25
 Stab: Sleeping          ||     2
Armor: Robe              ||    17
Dodge: Dodged            ||    28

Table legend:
 A = Non-vault XP
 B = Vault XP
 C = Vault XP percentage of total XP
 D = Non-vault monster count
 E = Vault monster count
 F = Vault count percentage of total count
                 A         B        C        D         E       F
            +---------+---------+-------+---------+---------+-------
      Total |      29 |       0 |   0.0 |      19 |       0 |   0.0
            +---------+---------+-------+---------+---------+-------
        D:1 |      21 |       0 |   0.0 |      14 |       0 |   0.0
        D:2 |       8 |       0 |   0.0 |       5 |       0 |   0.0
            +---------+---------+-------+---------+---------+-------
